 Dungeon Crawl Stone Soup version 0.28.0-62-gf88900778d (webtiles) character file.

Game seed: 1590580242318200642

343 cbfl8 the Covered (level 6, -17/55 HPs)
             Began as a Minotaur Fighter on Sept 3, 2023.
             Was an Initiate of Hepliaklqana.
             Killed from afar by a gnoll (27 damage)
             ... with a bolt of acid
             ... on level 3 of the Dungeon.
             The game lasted 00:03:55 (3612 turns).

cbfl8 the Covered (Minotaur Fighter)                Turns: 3612, Time: 00:03:56

Health: -17/55     AC:  9    Str: 21    XL:     6   Next: 31%
Magic:  5/5        EV:  7    Int:  5    God:    Hepliaklqana [......]
Gold:   88         SH:  5    Dex: 11    Spells: 5/5 levels left

rFire   . . .      SeeInvis .   a - +0 war axe
rCold   . . .      Faith    .   c - +0 buckler
rNeg    . . .      Spirit   .   k - +0 chain mail
rPois   .          Reflect  .   (helmet restricted)
rElec   .          Harm     .   (no cloak)
rCorr   .          Rampage  .   (no gloves)
Will    .....                   (no boots)
Stlth   ..........              (no amulet)
HPRegen 0.18/turn               (no ring)
MPRegen 0.09/turn               (no ring)

@: no status effects
A: horns 2, retaliatory headbutt
a: Renounce Religion


You were on level 3 of the Dungeon.
You worshipped Hepliaklqana.
Hepliaklqana was noncommittal.
You visited 2 branches of the dungeon, and saw 5 of its levels.

You collected 88 gold pieces.

Inventory:

Hand Weapons
 a - a +0 war axe (weapon)
Armour
 c - a +0 buckler (worn)
 k - a +0 chain mail (worn)
Scrolls
 e - a scroll of brand weapon {unknown}
 g - 2 scrolls of teleportation
 i - 2 scrolls of enchant weapon
 l - 2 scrolls of fear {unknown}
 m - a scroll of immolation
 n - a scroll of blinking
 o - a scroll of amnesia {unknown}
Potions
 b - a potion of lignification {unknown}
 d - a potion of might
 f - 2 potions of resistance {unknown}
 h - a potion of curing {unknown}
 j - a potion of heal wounds {unknown}


   Skills:
 + Level 4.8 Fighting
 + Level 4.9 Axes
 + Level 5.2 Armour
 + Level 4.4 Shields
 * Level 2.1 Evocations


You had 5 spell levels left.
You didn't know any spells.
Your spell library contained the following spells:

 Spells                   Type           Power      Damage    Failure   Level
 Gell's Gravitas          Tloc           0%         N/A       100%        3
 Inner Flame              Hex/Fire       0%         N/A       100%        3
 Teleport Other           Tloc           0%         N/A       100%        3
 Cause Fear               Hex            0%         N/A       100%        4
 Dispersal                Tloc           0%         N/A       100%        6
 Discord                  Hex            0%         N/A       100%        8


Dungeon Overview and Level Annotations

Branches:
Dungeon (4/15)             Temple (1/1) D:4

Altars:
Dithmenos
Fedhas
Hepliaklqana
Okawaru
Qazlal
Ru
Sif Muna
Trog
Xom
Yredelemnul
Zin
The Shining One


Innate Abilities, Weirdness & Mutations

You have a pair of horns on your head.
You reflexively headbutt those who attack you in melee.


Message History

The gnoll hits you from afar with a +0 spear.
Unknown command.
You hit the gnoll.
The gnoll is severely wounded.
The gnoll barely misses you. x2
Unknown command.
You barely miss the gnoll. You headbutt the gnoll.
You kill the gnoll!
The gnoll hits you from afar with a +0 spear.
Unknown command.
The gnoll hits you but does no damage.
Things that are here:
a +0 spear; 13 gold pieces Unknown command.
You hit the gnoll.
The gnoll is moderately wounded.
The gnoll barely misses you. The gnoll hits you with a +0 spear.
You hit the gnoll. Your headbutt misses the gnoll.
The gnoll is heavily wounded.
The gnoll closely misses you. You furiously retaliate!
You headbutt the gnoll!
You kill the gnoll!
No target in view!
No target in view!
A gnoll is nearby!
A gnoll is nearby!
The gnoll zaps a wand.
The bolt of acid hits you!!
Ouch! That really hurt!
* * * LOW HITPOINT WARNING * * *
You see here a +0 spear.
There are monsters nearby!
You are too injured to fight recklessly!
There are monsters nearby!
You are too injured to fight recklessly!
There are monsters nearby!
You are too injured to fight recklessly!
Things that are here:
a +0 spear; 13 gold pieces
There is a stone staircase leading down here.
The gnoll zaps a wand.
The bolt of acid hits you!!
You die...

# # ### # #..
#
###########.#
#
#...@>...g).#
#
#.#########.#
# ... # ##.#
w### g.. ...r
.......
###... #.#.
....


You could see a gnoll.

Vanquished Creatures
  A necrophage (Temple)
  2 jellies
  A bullfrog skeleton (D:4)
  An iguana (D:4)
  3 adders
  4 gnolls
  A river rat (D:4)
  An adder skeleton (D:4)
  A dart slug (D:1)
  6 bats
  4 endoplasms
  3 giant cockroaches
  3 hobgoblins
  4 jackals (D:3)
  6 kobolds
  6 quokkas
  12 ball pythons
  3 frilled lizards
  2 goblins (D:1)
  5 rats (D:1)
69 creatures vanquished.

Vanquished Creatures (others)
  18 plants (D:3)
18 creatures vanquished.

Grand Total: 87 creatures vanquished

Notes
Turn   | Place    | Note
-------+----------+-------------------------------------------
     0 | D:1      | cbfl8 the Minotaur Fighter began the quest for the Orb.
     0 | D:1      | Reached XP level 1. HP: 19/19 MP: 0/0
   252 | D:1      | Reached XP level 2. HP: 27/27 MP: 1/1
   291 | D:1      | Found a faded altar of an unknown god.
   877 | D:2      | Reached skill level 4 in Armour
   877 | D:2      | Reached XP level 3. HP: 31/33 MP: 2/2
  1554 | D:2      | Reached skill level 1 in Evocations
  1693 | D:3      | Reached XP level 4. HP: 26/41 MP: 3/3
  2637 | D:4      | Found a stormy altar of Qazlal.
  2692 | D:4      | Reached XP level 5. HP: 47/47 MP: 4/4
  2867 | D:4      | Noticed a necrophage
  2901 | D:4      | Found a staircase to the Ecumenical Temple.
  2913 | Temple   | Entered the Ecumenical Temple
  2917 | Temple   | Killed a necrophage
  2918 | Temple   | Reached skill level 5 in Armour
  2918 | Temple   | Reached XP level 6. HP: 49/53 MP: 5/5
  2927 | Temple   | Became a worshipper of Hepliaklqana the Forgotten
  3612 | D:3      | Killed from afar by a gnoll

Illustrated notes

Levels and vault maps discovered:
D:1:      onia_arrival_mini_spirals, layout_basic, basic_ecumenical_altar
D:2:      layout_loops_ring, nicolae_concentric_dashed_squares_mild,
          minivault_27
D:3:      layout_loops_ring, makhleb_altar_promises_db, nicolae_grassy_gnolls
D:4:      minmay_door_path, layout_loops_ring, marbit_many_paths,
          kennysheep_little_box, minmay_temple_entry_grid,
          gup_sewer_entry_spiral, serial_shops, shop
Temple:   minmay_freezing_vapour_temple

Skill      XL: |  1  2  3  4  5 |
---------------+----------------+-----
Fighting       | 4 |  4.8
Shields        | 4 |  4.4
Armour         | 4 5 |  5.2
Evocations     | 1 2 |  2.1
Axes           | 3 4 |  4.9

Action                   |  1- 3 |  4- 6 || total
-------------------------+-------+-------++-------
Melee: War axe           |    67 |    77 ||   144
       Headbutt          |    12 |    13 ||    25
  Use: Scroll            |     3 |     1 ||     4
Armor: Scale mail        |    32 |       ||    32
       Chain mail        |     7 |    40 ||    47
Dodge: Dodged            |    35 |    46 ||    81
Block: Buckler           |    11 |    29 ||    40
